Description

Eriks 15/15

Replay - eGGz v Erik: Game 2 - [ESL] Solaris

Build Order

Get SALT Encoding   

  12  0:00  Drone  
  13  0:08  Drone  
  14  0:33  Hatchery  
  13  0:36  Drone  
  14  0:44  Overlord  
  14  0:59  Spawning Pool  
  14  1:03  Drone x2  
  14  1:11  Drone x2  
  17  1:25  Drone  
  18  1:36  Drone  
  18  1:39  Extractor  
  18  1:45  Drone  
  18  1:46  Queen x2  
  26  2:07  Overlord  
  30  2:34  Overlord  
  30  2:43  Roach Warren  
  31  2:47  Metabolic Boost  
  32  2:51  Extractor  
  32  2:54  Overlord  
  37  3:07  Overlord  
  37  3:15  Extractor  
  36  3:23  Roach x6  
  42  3:31  Roach  
  42  3:32  Zergling x8  
  54  3:45  Ravager  
  54  3:46  Zergling x2  
  56  3:53  Zergling x2  
  56  3:55  Ravager  
  58  4:01  Zergling x8  
  63  4:07  Lair  
  66  4:17  Ravager  
  65  4:45  Ravager  
  62  5:08  Extractor, Spire  
  62  5:12  Ravager  
  60  6:20  Mutalisk x8  
  77  6:38  Mutalisk  
  75  6:59  Mutalisk  
Spawning Tool Build Advisor. Get it on Overwolf

Go to:

Details

  • Created by: xeekey
  • Published on: May 08, 2024
  • Modified on: May 08, 2024
  • Patch: 5.0.11
  • Difficulty: Hard
Show
View Real Time Build Order
Export as new Build Order

Comments (1)

On June 30, 2024, 10:40 p.m., asdfer4t  said:

This isn't 15 15 this is 14/14

Create an account to comment!